 Dungeon Crawl Stone Soup version 0.18-a0-1186-gd02dc51 (webtiles) character file.

3317 4thArraOfDagon the Basher (level 10, -10/107 HPs)
             Began as an Ogre Berserker on Jan 28, 2016.
             Was a Believer of Trog.
             Mangled by a yak (13 damage)
             ... on level 9 of the Dungeon.
             The game lasted 00:12:47 (2149 turns).

4thArraOfDagon the Basher (Ogre Berserker)          Turns: 2149, Time: 00:12:47

Health: -10/107    AC:  3    Str: 27    XL:     10   Next: 1%
Magic:  13/13      EV: 17    Int:  6    God:    Trog [**....]
Gold:   224        SH:  0    Dex: 14    Spells: 0 memorised, 9 levels left

rFire  . . .     SeeInvis .     B - +0 giant club
rCold  . . .     Gourm    .     j - troll hide {Purgy}
rNeg   . . .     Faith    .     (shield currently unavailable)
rPois  .         Spirit   .     (helmet restricted)
rElec  .         Dismiss  .     (no cloak)
rCorr  .         Reflect  .     (gloves unavailable)
SustAt .         Harm     +     (boots unavailable)
MR     +....                    w - amulet of harm
Stlth  ++........               (no ring)
                                (no ring)

@: agile, exhausted, somewhat resistant to hostile enchantments, unstealthy
A: unfitting armour, tough skin 1
a: Berserk, Trog's Hand, Burn Spellbooks, Renounce Religion


You were on level 9 of the Dungeon.
You worshipped Trog.
Trog was pleased with you.
You were not hungry.

You visited 1 branch of the dungeon, and saw 10 of its levels.
You also visited: Sewer.

You collected 224 gold pieces.

Inventory:

Hand Weapons
 k - a +0 giant spiked club
 r - a cursed -1 glaive
 s - a +1 war axe of distortion
 z - a -1 giant spiked club
 B - a +0 giant club (weapon)
Armour
 j - a troll hide (worn) {Purgy}
 y - a +2 robe of cold resistance
Jewellery
 w - an amulet of harm (around neck)
Wands
 a - a wand of frost (33/48)
 d - a wand of fire (4/15)
 h - a wand of confusion (19/48)
 q - a wand of magic darts (1/48)
 t - a wand of paralysis (0/24)
Scrolls
 b - a scroll of recharging
 p - a scroll of fog
Potions
 e - 3 potions of brilliance
 f - a potion of cure mutation {unknown}
 i - a potion of poison {unknown}
 u - a potion of lignification {unknown}
 v - 3 potions of flight {unknown}
 C - a potion of heal wounds
Books
 o - a book of Fire

   Spells                             Type                      Level
   a - Ignite Poison                  Fire/Transmutation/Poison    3
   b - Fireball                       Conjuration/Fire             5
   c - Bolt of Fire                   Conjuration/Fire             6
   d - Delayed Fireball               Conjuration/Fire             7
   e - Ring of Flames                 Charms/Fire                  7
   Trog disapproves of the use of such an item.
 x - a book of the Warp

   Spells                             Type                      Level
   a - Recall                         Summoning/Translocation      3
   b - Gell's Gravitas                Hexes/Translocation          3
   c - Force Lance                    Conjuration/Translocation    4
   d - Phase Shift                    Translocation                5
   e - Warp Weapon                    Charms/Translocation         5
   f - Summon Forest                  Summoning/Translocation      5
   Trog disapproves of the use of such an item.
Comestibles
 c - 2 bread rations
 l - a meat ration
 m - a slice of pizza
 n - 8 chunks of flesh


   Skills:
 + Level 9.4 Fighting
 * Level 12.2 Maces & Flails
 + Level 6.2 Dodging
 + Level 4.0 Evocations


You had 9 spell levels left.
You didn't know any spells.

Dungeon Overview and Level Annotations

Branches:
Dungeon (10/15)            Temple (0/1) D:7
   Lair: D:8-11         Orc: D:9-12

Altars:
Nemelex Xobeh
Okawaru
Trog
Beogh


Innate Abilities, Weirdness & Mutations

You are too large for most types of armour.
You have tough skin (AC +1).


Message History

Unknown command.
Unknown command.
Evoke which item? (* to show all) (? for menu, Esc to quit)
Zapping:
t - a wand of paralysis (1/24)
Press: ? - help, Shift-Dir - straight line, f/p - yak
Aim: a yak (chance to defeat MR: 54%)
The yak suddenly stops moving!
This wand has 0 charges left.
The yak barely misses you.
Unknown command.
Unknown command.
Evoke which item? (* to show all) (? for menu, Esc to quit)
This wand has no charges.
Unknown command.
Evoke which item? (* to show all) (? for menu, Esc to quit)
Zapping:
h - a wand of confusion (20/48)
Press: ? - help, Shift-Dir - straight line, f - yak, p - yak
Aim: a yak (chance to defeat MR: 54%)
The yak resists with significant effort.
This wand has 19 charges left.
The yak gores you!
You die...

########## #........#
#.#####.## ###### #.# #.#
## ###....# #.# #.#
.#####......##########.#
#.#
.)()........'..Y@Y.....#
#.#
.##)........####Y########
#.# .##.........#
#.#......# #.#
###.........# #.#.#..#
#.# (...........#
#.#<...#.# #.#
.)..........# #.#......#
#.# ............#
#.#.#########.#
............#
#.#(..)(......#
........##+##
#############


You could see 3 yaks.

Vanquished Creatures
  Erolcha (D:8)
  Pikel (D:8)
  Psyche (D:8)
  Grinder (D:4)
  3 ice beasts
  Purgy (Sewer)
  A sky beast (D:5)
  3 slaves
  A phantom (D:7)
  2 ogres
  2 centaurs
  A big kobold (D:9)
  A giant frog (D:8)
  A scorpion (D:9)
  2 wights (D:6)
  A crimson imp (D:6)
  A centaur zombie (D:5)
  A jelly (D:7)
  A hound (D:6)
  3 orc priests (D:8)
  2 iguanas
  5 worker ants
  2 hound skeletons (D:7)
  4 adders
  A shadow imp (D:6)
  An adder skeleton (D:6)
  6 giant geckos
  9 orcs
  A ball python (D:5)
  4 giant cockroaches
  8 jackals
  A bat (Sewer)
  A giant gecko skeleton (D:7)
  2 giant newts
  6 kobolds
82 creatures vanquished.

Notes
Turn   | Place    | Note
--------------------------------------------------------------
     0 | D:1      | 4thArraOfDagon the Ogre Berserker began the quest for the Orb.
     0 | D:1      | Reached XP level 1. HP: 24/24 MP: 1/1
     0 | D:1      | smite^2
   104 | D:4      | Noticed Grinder
   111 | D:4      | Killed Grinder
   111 | D:4      | Reached skill level 5 in Fighting
   111 | D:4      | Reached skill level 6 in Maces & Flails
   111 | D:4      | Reached XP level 2. HP: 35/35 MP: 2/2
   111 | D:4      | Reached XP level 3. HP: 42/42 MP: 3/3
   111 | D:4      | Reached XP level 4. HP: 50/50 MP: 4/4
   111 | D:4      | Reached XP level 5. HP: 57/57 MP: 5/5
   190 | D:4      | Found a glowing drain.
   220 | Sewer    | Entered a sewer
   313 | Sewer    | Noticed Purgy
   323 | Sewer    | Killed Purgy
   323 | Sewer    | Reached skill level 7 in Maces & Flails
   323 | Sewer    | Reached XP level 6. HP: 67/67 MP: 6/6
   430 | D:5      | Entered Level 5 of the Dungeon
   463 | D:5      | Noticed a sky beast
   473 | D:5      | Killed a sky beast
   511 | D:5      | Reached skill level 8 in Maces & Flails
   511 | D:5      | Reached XP level 7. HP: 57/75 MP: 7/7
   596 | D:5      | Found an iron altar of Okawaru.
   622 | D:6      | Reached ** piety under Trog
   723 | D:6      | Found a bloodstained altar of Trog.
   820 | D:6      | Found a sparkling altar of Nemelex Xobeh.
   966 | D:7      | Reached skill level 1 in Evocations
  1108 | D:6      | Reached skill level 9 in Maces & Flails
  1108 | D:6      | Reached XP level 8. HP: 10/87 MP: 7/9
  1218 | D:7      | Found a staircase to the Ecumenical Temple.
  1686 | D:7      | Reached skill level 10 in Maces & Flails
  1686 | D:7      | Reached skill level 5 in Dodging
  1803 | D:8      | Noticed Pikel
  1817 | D:8      | Killed Pikel
  1817 | D:8      | Reached skill level 11 in Maces & Flails
  1817 | D:8      | Reached XP level 9. HP: 95/97 MP: 9/11
  1839 | D:8      | Noticed Psyche
  1856 | D:8      | Killed Psyche
  1876 | D:8      | Found a roughly hewn altar of Beogh.
  1905 | D:8      | Noticed Erolcha
  1935 | D:8      | Killed Erolcha
  1935 | D:8      | Reached skill level 12 in Maces & Flails
  2109 | D:9      | Reached XP level 10. HP: 76/107 MP: 13/13
  2142 | D:10     | Entered Level 10 of the Dungeon
  2145 | D:9      | how do you avoid this?
  2147 | D:9      | HP: 2/107 [yak (11)]
  2149 | D:9      | Mangled by a yak

Vault maps used:
D:1:      saegor_arrival_simple_b, minmay_misc_feat_cross
D:3:      vehumet_altar_wand_db
D:4:      gup_sewer_entry_pipe, grunt_qazlal_clouds, uniq_crazy_yiuf_cottage,
          uniq_grinder
D:5:      kennysheep_mini, first_bread
D:6:      minitemple, serial_bayou_pond_d, nemelex_lonely_heart_becter
D:7:      temple_green, grunt_livestock
D:8:      kennysheep_little_box, david_defended_altar_orc, uniq_pikel,
          uniq_psyche, uniq_erolcha
D:9:      boulder_corridor_run
D:10:     nicolae_gozag_seed_capital
Sewer:    kennysheep_door_sewer

Action                   |  1- 3 |  4- 6 |  7- 9 | 10-12 || total
-------------------------+-------+-------+-------+-------++-------
Melee: Mace              |     4 |    66 |       |       ||    70
       Giant spiked club |       |       |   182 |       ||   182
       Whip              |       |       |    16 |       ||    16
       Giant club        |       |       |    17 |     6 ||    23
Invok: Berserk           |     1 |     4 |    14 |       ||    19
       Trog's Hand       |       |       |     8 |       ||     8
Evoke: Wand              |     2 |     3 |    16 |     4 ||    25
  Use: Scroll            |       |     3 |    11 |       ||    14
       Potion            |       |       |     1 |     1 ||     2
 Stab: Sleeping          |       |     1 |       |       ||     1
       Paralysed         |       |       |    11 |       ||    11
  Eat: Chunk             |       |     2 |    20 |     1 ||    23
       Fruit             |       |       |     3 |       ||     3
